 Dungeon Crawl Stone Soup version 0.28.0 (webtiles) character file.

Game seed: 16369122264101078683

7 sanka the Magician (level 1, -1/11 HPs)
             Began as a Deep Elf Transmuter on Feb 8, 2022.
             Slain by a kobold (4 damage)
             ... on level 1 of the Dungeon.
             The game lasted 00:00:30 (507 turns).

sanka the Magician (Deep Elf Transmuter)             Turns: 507, Time: 00:00:30

Health: -1/11      AC:  2    Str:  7    XL:     1   Next: 91%
Magic:  7/7        EV: 12    Int: 17    God:
Gold:   6          SH:  0    Dex: 15    Spells: 6/7 levels left

rFire   . . .      SeeInvis .     - Unarmed
rCold   . . .      Faith    .   (no shield)
rNeg    . . .      Spirit   .   a - +0 robe
rPois   .          Reflect  .   (helmet currently unavailable)
rElec   .          Harm     .   (no cloak)
rCorr   .          Rampage  .   (no gloves)
Will    .....                   (boots currently unavailable)
Stlth   +.........              (no amulet)
HPRegen 0.03/turn               (no ring)
MPRegen 0.10/turn               (no ring)

@: appendages (expiring)
A: horns 2, talons 2
a: End Transformation


You were on level 1 of the Dungeon.
You had temporarily grown beastly horns and talons.
You visited 1 branch of the dungeon, and saw 1 of its levels.

You collected 6 gold pieces.

Inventory:

Armour
 a - a +0 robe (worn)
Scrolls
 b - a scroll of identify {unknown}
 d - a scroll of magic mapping {unknown}
Potions
 c - a potion of attraction {unknown}


   Skills:
 - Level 0.7 Fighting
 - Level 2.4 Dodging
 - Level 2.4 Unarmed Combat
 + Level 3.9 Spellcasting
 - Level 2.1 Transmutations


You had 6 spell levels left.
You knew the following spells:

 Your Spells              Type           Power      Damage    Failure   Level
a - Beastly Appendage     Tmut           20%        N/A       6%          1

Your spell library contained the following spells:

 Spells                   Type           Power      Damage    Failure   Level
 Wereblood                Tmut           10%        N/A       10%         2
 Spider Form              Tmut/Pois      7%         N/A       30%         3
 Ice Form                 Ice/Tmut       7%         N/A       71%         4


Dungeon Overview and Level Annotations

Branches:
Dungeon (1/15)

Altars:


Innate Abilities, Weirdness & Mutations

You have temporarily grown beastly horns and talons.


Message History

You barely miss the ball python. You claw the ball python.
The ball python is severely wounded.
The ball python barely misses you. The ball python misses you.
You hit the ball python.
You kill the ball python!
You hit the ball python. You claw the ball python.
You kill the ball python!
You see here a ball python corpse.
Your transformation is almost over.
Your horns disappear.
Your talons disappear.
There is a stone staircase leading down here.
Found a robe.
You see here a +0 robe.
You see here 21 sling bullets.
Found a leather armour.
A ball python comes into view.
You grow a pair of large bovine horns.
Your feet morph into talons.
The ball python hisses angrily.
A kobold comes into view. It is wielding a +0 dagger.
The kobold throws a stone.
The stone hits you.
You hit the ball python.
The ball python is severely wounded.
The ball python bites you. The ball python barely misses you.
You barely miss the ball python.
You claw the ball python, but do no damage.
Your headbutt misses the ball python.
The ball python is severely wounded.
The ball python bites you. The ball python grabs you.
The ball python constricts you. The ball python bites you.
The ball python constricts you.
You hit the ball python.
You kill the ball python!
You hit the kobold but do no damage. Your kick misses the kobold.
The kobold hits you with a +0 dagger.
* * * LOW HITPOINT WARNING * * *
You hit the kobold. Your headbutt misses the kobold.
The kobold is moderately wounded.
Your transformation is almost over.
The kobold hits you with a +0 dagger.
You die...

#..# #..# ##.###.# #
####..######..#######...##.#
#
#........##.............##.#
#
#.............#######...##.#
# #....###..#...# ######.# #
##.#.# #..##.## #.# # #.#.#
#..##.###### #.# #
##.#.###..##......##
#.######
..>.............@..#
#.......
.#.#####..#######K[#
######## ...# #...# ..# ##
.### #.#.# ..# #. .# #.#.#
..# ## .# #.#.# ... #
.#######.#.# .... ..†......#
.... ..########


You could see a kobold.

Vanquished Creatures
  3 ball pythons (D:1)
  A bat (D:1)
  A giant cockroach (D:1)
  A hobgoblin (D:1)
  A rat (D:1)
7 creatures vanquished.

Notes
Turn   | Place    | Note
-------+----------+-------------------------------------------
     0 | D:1      | sanka the Deep Elf Transmuter began the quest for the Orb.
     0 | D:1      | Reached XP level 1. HP: 11/11 MP: 6/6
   507 | D:1      | Slain by a kobold

Illustrated notes

Levels and vault maps discovered:
D:1:      minmay_arrival_shattered_statue, layout_loops_ring,
          ebering_ecumenical_altar_petrified, kennysheep_minor_cross

Action                   || total
-------------------------++-------
Melee: Unarmed           ||    17
       Kick              ||     4
       Headbutt          ||     3
 Cast: Beastly Appendage ||     6
Armor: Robe              ||     3
Dodge: Dodged            ||     8
